[Event "Turkish Cup 2024"]
[Site "Denizli"]
[Date "2024.08.02"]
[Round "6"]
[White "Tutmaz, Bugra Hamza"]
[Black "Yasin, Hur"]
[Result "0-1"]
[ECO "A46"]
[WhiteElo "1761"]
[BlackElo "1879"]
[Annotator "NA"]
[PlyCount "158"]
[EventDate "2024.08.01"]
[EventType "swiss"]
[EventCountry "TUR"]
[SourceTitle "playchess.com"]
[Source "ChessBase"]
[SourceQuality "1"]
[TimeControl "5400+30"]

1. d4 Nf6 2. Nf3 e6 3. Bf4 c5 4. c3 cxd4 5. cxd4 Nc6 6. e3 Qb6 7. Nbd2 Qxb2 8. Bc4 d5 9. Bb3 Ne4 10. Nxe4 dxe4 11. Ng5 Bb4+ 12. Kf1 O-O 13. Rb1 Qa3 14. Nxe4 b6 15. Kg1 Bb7 16. Qg4 Kh8 17. Ng5 Be7 18. h4 h6 19. Qh5 Nd8 20. Rh3 Bd6 21. Bxd6 Qxd6 22. Rg3 Rc8 23. Nf3 Bxf3 24. gxf3 Qa3 25. Qg4 Rg8 26. Kh2 Rc1 27. Rxc1 Qxc1 28. Qe4 Qc6 29. Qe5 Qd7 30. Qe4 Qc6 31. Qf4 a5 32. Rg1 b5 33. Bd1 Qc4 34. Qe5 Qxa2 35. Kg2 Qc4 36. f4 a4 37. Re1 a3 38. Be2 Qc3 39. Kf1 b4 40. Qa5 Nc6 41. Qa4 Ne7 42. Rb1 Rb8 43. Kg1 Qc6 44. Qb3 Nd5 45. Bf3 Qb5 46. Ra1 Nc3 47. Bg2 Rc8 48. Bf1 Qa4 49. Qxa4 Nxa4 50. Bd3 Rc3 51. Bb5 Nb2 52. Kf1 Nd3 53. Ke2 Nc1+ 54. Kd1 a2 55. Ba4 Kg8 56. Kd2 Rc7 57. Kd1 Kf8 58. Bc2 Ne2 59. Kd2 Nc3 60. Bb3 Ra7 61. Kc2 Ra3 62. Kb2 Ke7 63. Bxa2 Na4+ 64. Kb1 b3 65. Bxb3 Rxb3+ 66. Kc2 Rb2+ 67. Kd3 Nb6 68. Rf1 Nd5 69. Ke4 f5+ 70. Kf3 Nf6 71. Ra1 Ne4 72. Kg2 Rxf2+ 73. Kg1 Rf3 74. Ra3 Rh3 75. Kg2 Rxh4 76. Ra7+ Kf6 77. Ra6 Rg4+ 78. Kh2 Nc3 79. Ra3 Nd5 0-1

[Event "Turkish Cup 2024"]
[Site "Denizli"]
[Date "2024.08.03"]
[Round "7"]
[White "Maruflu, Enes Yusuf"]
[Black "Torun, Kagan"]
[Result "1-0"]
[ECO "B45"]
[WhiteElo "2228"]
[BlackElo "1868"]
[Annotator "ChessBase"]
[PlyCount "73"]
[EventDate "2024.08.01"]
[EventType "swiss"]
[EventCountry "TUR"]
[SourceTitle "playchess.com"]
[Source "ChessBase"]
[SourceQuality "1"]
[TimeControl "5400+30"]

1. e4 c5 2. Nf3 e6 3. d4 cxd4 4. Nxd4 Nf6 5. Nc3 Nc6 6. g3 Bb4 7. Bg2 d6 8. O-O O-O 9. Nb3 a5 10. a4 Bxc3 11. bxc3 d5 12. exd5 Nxd5 13. Ba3 Re8 14. Qf3 Qc7 15. Rfe1 Bd7 16. Nc5 Rad8 17. Ne4 Bc8 18. Rad1 Ne5 19. Qh5 Nc4 20. Bc1 Rf8 21. Qh4 f6 22. f4 Qb6+ 23. Kh1 Nde3 24. Bxe3 Rxd1 25. Bxb6 Rxe1+ 26. Bg1 Rd8 27. Qh5 Bd7 28. Qc5 Bc6 29. Qxc4 Rdd1 30. Qxe6+ Kf8 31. Qc8+ Ke7 32. Qc7+ Kf8 33. h4 Rxg1+ 34. Kh2 Rge1 35. Qxa5 Re2 36. Qc5+ Ke8 37. Qh5+ 1-0

[Event "Turkish Cup 2024"]
[Site "Denizli"]
[Date "2024.08.03"]
[Round "7"]
[White "Ozdemir, Serhan Berat"]
[Black "Bulgurlu, Okan"]
[Result "1/2-1/2"]
[ECO "B01"]
[WhiteElo "2194"]
[BlackElo "1964"]
[Annotator "ChessBase"]
[PlyCount "118"]
[EventDate "2024.08.01"]
[EventType "swiss"]
[EventCountry "TUR"]
[SourceTitle "playchess.com"]
[Source "ChessBase"]
[SourceQuality "1"]
[TimeControl "5400+30"]

1. e4 d5 2. exd5 Qxd5 3. Nc3 Qd6 4. d4 c6 5. Nf3 Nf6 6. Ne5 Bf5 7. Bf4 Qd8 8. g4 Be6 9. Bg2 Nbd7 10. h3 Nd5 11. Nxd5 Bxd5 12. Bxd5 Qa5+ 13. c3 Qxd5 14. Qf3 Nxe5 15. Qxd5 Nd3+ 16. Kd2 cxd5 17. Kxd3 e6 18. h4 h5 19. g5 Be7 20. Rae1 O-O 21. Bd2 Kh7 22. a4 Rac8 23. Rhg1 Kg6 24. b3 Rc6 25. a5 Rfc8 26. Rc1 Ba3 27. Rc2 Bb4 28. Ra1 f6 29. gxf6 gxf6 30. Ra4 Be7 31. Rc1 f5 32. Rg1+ Kf7 33. f3 Rg8 34. Rxg8 Kxg8 35. Be1 Kf7 36. c4 Rc8 37. c5 e5 38. Rb4 e4+ 39. Ke3 b6 40. axb6 axb6 41. Rxb6 Rxc5 42. fxe4 fxe4 43. Bb4 Rc8 44. Rb7 Re8 45. Bxe7 Rxe7 46. Rb6 Re6 47. Rb7+ Re7 48. Rb6 Ra7 49. Rd6 Ra5 50. Kd2 Ke7 51. Rh6 Ra2+ 52. Kc3 Rh2 53. Rxh5 Kd6 54. Kb4 e3 55. Re5 Rxh4 56. Kc3 Rh3 57. b4 e2+ 58. Kc2 Rh2 59. Kd3 Rh3+ 1/2-1/2

[Event "Turkish Cup 2024"]
[Site "Denizli"]
[Date "2024.08.03"]
[Round "7"]
[White "Topuz, Mirac Melih"]
[Black "Gunduz, Umut Erdem"]
[Result "1/2-1/2"]
[ECO "A43"]
[WhiteElo "2148"]
[BlackElo "2276"]
[Annotator "ChessBase"]
[PlyCount "46"]
[EventDate "2024.08.01"]
[EventType "swiss"]
[EventCountry "TUR"]
[SourceTitle "playchess.com"]
[Source "ChessBase"]
[SourceQuality "1"]
[TimeControl "5400+30"]

1. d4 e6 2. c4 c5 3. d5 exd5 4. cxd5 d6 5. e4 g6 6. h3 Bg7 7. Nf3 a6 8. Bd3 Ne7 9. O-O O-O 10. a4 h6 11. Re1 g5 12. Na3 b5 13. axb5 axb5 14. Bxb5 Ng6 15. Rb1 Na6 16. Nc4 Rb8 17. Bxa6 Bxa6 18. Ne3 Bc8 19. Nf5 Bxf5 20. exf5 Ne5 21. Nxe5 Bxe5 22. h4 Qf6 23. Qg4 Rb4 1/2-1/2

[Event "Turkish Cup 2024"]
[Site "Denizli"]
[Date "2024.08.03"]
[Round "7"]
[White "Uysal, Ugur"]
[Black "Var, Sefa"]
[Result "1-0"]
[ECO "A37"]
[WhiteElo "2114"]
[BlackElo "1841"]
[Annotator "ChessBase"]
[PlyCount "105"]
[EventDate "2024.08.01"]
[EventType "swiss"]
[EventCountry "TUR"]
[SourceTitle "playchess.com"]
[Source "ChessBase"]
[SourceQuality "1"]
[TimeControl "5400+30"]

1. Nf3 c5 2. c4 g6 3. g3 Bg7 4. Bg2 Nc6 5. O-O e6 6. Nc3 Nge7 7. d3 O-O 8. Bf4 d6 9. Qd2 Re8 10. Ne4 e5 11. Bg5 Rf8 12. Nf6+ Kh8 13. Nd5 f6 14. Bh6 Nxd5 15. Bxg7+ Kxg7 16. cxd5 Ne7 17. e4 a5 18. Qc3 f5 19. Nd2 f4 20. b3 b5 21. a3 Bd7 22. b4 cxb4 23. axb4 axb4 24. Qxb4 Rxa1 25. Rxa1 Qc7 26. d4 fxg3 27. hxg3 Nc8 28. dxe5 Qb6 29. e6 Qxf2+ 30. Kh2 Be8 31. Rf1 Qe3 32. Qb2+ Kg8 33. Rxf8+ Kxf8 34. Qf6+ Kg8 35. Nf3 Qh6+ 36. Nh4 Qf8 37. Qd8 Ne7 38. Qxd6 g5 39. Nf3 h6 40. Nd4 Ng6 41. Qb8 h5 42. d6 Ne5 43. d7 Nxd7 44. exd7 Bxd7 45. Qe5 Qg7 46. Qd5+ Kh7 47. Nf5 Bxf5 48. Qxf5+ Kh6 49. Qxb5 h4 50. e5 hxg3+ 51. Kxg3 Qf7 52. Qc6+ Kg7 53. Qb7 1-0

[Event "Turkish Cup 2024"]
[Site "Denizli"]
[Date "2024.08.03"]
[Round "7"]
[White "Kavri, Yusuf Eren"]
[Black "Hatirli, Ugur Can"]
[Result "1-0"]
[ECO "D38"]
[WhiteElo "2090"]
[BlackElo "1948"]
[Annotator "ChessBase"]
[PlyCount "125"]
[EventDate "2024.08.01"]
[EventType "swiss"]
[EventCountry "TUR"]
[SourceTitle "playchess.com"]
[Source "ChessBase"]
[SourceQuality "1"]
[TimeControl "5400+30"]

1. d4 Nf6 2. c4 e6 3. Nc3 Bb4 4. Nf3 O-O 5. Bg5 d5 6. e3 c6 7. Rc1 Nbd7 8. cxd5 exd5 9. Be2 Re8 10. O-O Nf8 11. a3 Bd6 12. b4 a5 13. Qb3 b5 14. Nd1 Bd7 15. Nb2 a4 16. Qc2 Rc8 17. Nd3 Ng6 18. Nc5 Bxc5 19. Qxc5 Ne4 20. Bxd8 Nxc5 21. Rxc5 Rexd8 22. Bd3 Ne7 23. Rfc1 f6 24. h3 Be8 25. g4 Rb8 26. g5 Bg6 27. R5c3 Rd6 28. gxf6 gxf6 29. Kh2 Kf7 30. Nh4 Rg8 31. Ng2 Rb8 32. Nf4 Rbd8 33. Rg1 Rg8 34. Be2 Rb8 35. Rg3 Nf5 36. Rg4 Ne7 37. Rc1 Rg8 38. Rcg1 Rdd8 39. R4g2 Rd6 40. Bg4 Rh8 41. Rg3 Re8 42. h4 Rh8 43. Bh3 Rg8 44. h5 Be4 45. Be6+ Rxe6 46. Rxg8 Nxg8 47. Nxe6 Ne7 48. Nf4 Nf5 49. Rc1 Ne7 50. Kg3 Bf5 51. f3 Bd7 52. e4 dxe4 53. fxe4 Nc8 54. d5 cxd5 55. Nxd5 Nd6 56. Rc7 Ke6 57. Nxf6 Bc8 58. Kf4 Kxf6 59. e5+ Ke6 60. exd6 Bd7 61. Rxd7 Kxd7 62. Ke5 h6 63. Kd5 1-0

[Event "Turkish Cup 2024"]
[Site "Denizli"]
[Date "2024.08.03"]
[Round "7"]
[White "Atis, Hasan"]
[Black "Nazli, Sertan"]
[Result "1-0"]
[ECO "C70"]
[WhiteElo "2080"]
[BlackElo "1861"]
[Annotator "ChessBase"]
[PlyCount "63"]
[EventDate "2024.08.01"]
[EventType "swiss"]
[EventCountry "TUR"]
[SourceTitle "playchess.com"]
[Source "ChessBase"]
[SourceQuality "1"]
[TimeControl "5400+30"]

1. e4 e5 2. Nf3 Nc6 3. Bb5 a6 4. Ba4 Bc5 5. d3 Nge7 6. O-O O-O 7. Nxe5 Nxe5 8. d4 b5 9. Bb3 Bxd4 10. Qxd4 d6 11. Qe3 c5 12. c3 c4 13. Bc2 f5 14. f4 Ng4 15. Qe2 Qb6+ 16. Kh1 Nf6 17. e5 dxe5 18. fxe5 Nfd5 19. a4 Bb7 20. axb5 axb5 21. Rxa8 Bxa8 22. Na3 Ng6 23. Bxf5 Ndf4 24. Bxf4 Rxf5 25. Bg3 Rg5 26. e6 Qb7 27. Rf7 Qc6 28. Nc2 Nh4 29. Nd4 Qd5 30. Rd7 Rxg3 31. Rxd5 Rxg2 32. Rd8# 1-0

[Event "Turkish Cup 2024"]
[Site "Denizli"]
[Date "2024.08.03"]
[Round "7"]
[White "Turgut, Hakan"]
[Black "Ozcan, Kadir Kutay"]
[Result "1-0"]
[ECO "B80"]
[WhiteElo "2052"]
[BlackElo "1876"]
[Annotator "ChessBase"]
[PlyCount "47"]
[EventDate "2024.08.01"]
[EventType "swiss"]
[EventCountry "TUR"]
[SourceTitle "playchess.com"]
[Source "ChessBase"]
[SourceQuality "1"]
[TimeControl "5400+30"]

1. e4 c5 2. Nc3 Nc6 3. Nge2 e6 4. g3 Nf6 5. Bg2 Be7 6. O-O O-O 7. d4 cxd4 8. Nxd4 d6 9. b3 a6 10. Bb2 Bd7 11. Nce2 Rb8 12. c4 Nxd4 13. Nxd4 b5 14. Rc1 b4 15. f4 Qc7 16. Qe2 Bc8 17. g4 e5 18. Nf5 Bxf5 19. exf5 Nd7 20. g5 exf4 21. f6 gxf6 22. Rxf4 Qd8 23. Qh5 fxg5 24. Be4 1-0

[Event "Turkish Cup 2024"]
[Site "Denizli"]
[Date "2024.08.03"]
[Round "7"]
[White "Tutuncu, Ali"]
[Black "Cakir, Mert"]
[Result "1-0"]
[ECO "B25"]
[WhiteElo "2041"]
[BlackElo "1990"]
[Annotator "ChessBase"]
[PlyCount "77"]
[EventDate "2024.08.01"]
[EventType "swiss"]
[EventCountry "TUR"]
[SourceTitle "playchess.com"]
[Source "ChessBase"]
[SourceQuality "1"]
[TimeControl "5400+30"]

1. e4 c5 2. Nc3 Nc6 3. g3 g6 4. Bg2 Bg7 5. d3 d6 6. Be3 Rb8 7. Qd2 e6 8. f4 Nge7 9. Nf3 Nd4 10. O-O O-O 11. Nd1 b5 12. Qf2 Nec6 13. Ne1 b4 14. c3 Nb5 15. e5 Bd7 16. Rc1 Qa5 17. g4 bxc3 18. bxc3 Rfc8 19. Nf3 Be8 20. Ng5 dxe5 21. f5 h6 22. fxe6 f6 23. Ne4 Qd8 24. Bxc5 Ne7 25. a4 Nc7 26. Nxf6+ Kh8 27. Nxe8 Qxe8 28. Qf7 Ncd5 29. Bxe7 Nxe7 30. Qxe8+ Rxe8 31. c4 Rbd8 32. Be4 Rd6 33. c5 Rxe6 34. c6 Bf8 35. c7 Kg7 36. Ne3 Nc8 37. Bd5 Rf6 38. Rxf6 Kxf6 39. Bc6 1-0

[Event "Turkish Cup 2024"]
[Site "Denizli"]
[Date "2024.08.03"]
[Round "7"]
[White "Yilmaz, Kerem Tuna"]
[Black "Bektas, Cagan Erdem"]
[Result "1-0"]
[ECO "B31"]
[WhiteElo "2025"]
[BlackElo "1847"]
[Annotator "ChessBase"]
[PlyCount "59"]
[EventDate "2024.08.01"]
[EventType "swiss"]
[EventCountry "TUR"]
[SourceTitle "playchess.com"]
[Source "ChessBase"]
[SourceQuality "1"]
[TimeControl "5400+30"]

1. e4 c5 2. Nf3 Nc6 3. Bb5 g6 4. Bxc6 dxc6 5. d3 Bg7 6. h3 b6 7. O-O Qc7 8. e5 Bxe5 9. Nxe5 Qxe5 10. Re1 Qc7 11. Qf3 Be6 12. Nc3 O-O-O 13. a3 Qb7 14. b4 c4 15. dxc4 Bxc4 16. a4 Nf6 17. a5 b5 18. a6 Qd7 19. Bf4 Ne8 20. Rxe7 Qxe7 21. Qxc6+ Nc7 22. Qb7+ Kd7 23. Bxc7 Ke8 24. Bxd8 Qxd8 25. Rd1 Qf6 26. Qc8+ Ke7 27. Rd7+ Ke6 28. Qc6+ Kf5 29. Qf3+ Ke5 30. Qe4# 1-0

[Event "Turkish Cup 2024"]
[Site "Denizli"]
[Date "2024.08.03"]
[Round "7"]
[White "Turkmen, Ataberk"]
[Black "Kilic, Cihan"]
[Result "0-1"]
[ECO "B10"]
[WhiteElo "2022"]
[BlackElo "1869"]
[Annotator "ChessBase"]
[PlyCount "90"]
[EventDate "2024.08.01"]
[EventType "swiss"]
[EventCountry "TUR"]
[SourceTitle "playchess.com"]
[Source "ChessBase"]
[SourceQuality "1"]
[TimeControl "5400+30"]

1. e4 c6 2. Bc4 d5 3. Bb3 dxe4 4. Qh5 g6 5. Qh4 Nd7 6. f3 exf3 7. Nxf3 e6 8. Qf2 Bg7 9. d4 Ne7 10. O-O O-O 11. Bg5 Nf6 12. Nc3 h6 13. Bd2 Ned5 14. Rae1 b5 15. Ne5 Qc7 16. Nxd5 Nxd5 17. Ng4 h5 18. Ne5 Bd7 19. Bxd5 exd5 20. Bb4 Bf5 21. Bxf8 Rxf8 22. c3 f6 23. Nf3 Bd3 24. Qe3 Bxf1 25. Qe6+ Rf7 26. Kxf1 Bf8 27. Qe8 Kg7 28. Re6 Bd6 29. Nh4 Bxh2 30. Qxc6 Qf4+ 31. Nf3 Bg3 32. Ke2 g5 33. Qxd5 Qc1 34. Qb3 g4 35. Nd2 Qg1 36. Qd5 h4 37. Qe4 Qe1+ 38. Kd3 Qxe4+ 39. Nxe4 f5 40. Nxg3 hxg3 41. Re3 f4 42. Re4 Kg6 43. a4 Kg5 44. Ke2 f3+ 45. Kf1 Rh7 0-1

[Event "Turkish Cup 2024"]
[Site "Denizli"]
[Date "2024.08.03"]
[Round "7"]
[White "Manas, Eren"]
[Black "Cakir, Ege"]
[Result "0-1"]
[ECO "B45"]
[WhiteElo "2013"]
[BlackElo "1889"]
[Annotator "ChessBase"]
[PlyCount "120"]
[EventDate "2024.08.01"]
[EventType "swiss"]
[EventCountry "TUR"]
[SourceTitle "playchess.com"]
[Source "ChessBase"]
[SourceQuality "1"]
[TimeControl "5400+30"]

1. e4 c5 2. Nf3 e6 3. d4 cxd4 4. Nxd4 Nf6 5. Nc3 Nc6 6. g3 Bb4 7. Bg2 O-O 8. O-O d6 9. Nce2 e5 10. Nb3 Bc5 11. Nc3 Bg4 12. Qd3 Nb4 13. Qd2 Rc8 14. Nxc5 dxc5 15. Nd5 Nfxd5 16. exd5 Bf5 17. Qg5 Qxg5 18. Bxg5 f6 19. Be3 Nxc2 20. Rac1 b6 21. Rfd1 Rcd8 22. Rd2 Nxe3 23. fxe3 e4 24. a3 Rd6 25. Rc4 Rfd8 26. g4 Bg6 27. Bxe4 Bxe4 28. Rxe4 Rxd5 29. Rxd5 Rxd5 30. b4 Re5 31. Rc4 cxb4 32. axb4 Rxe3 33. Rc7 Re4 34. h3 Rxb4 35. Rxa7 Rb2 36. Rb7 b5 37. Kh1 b4 38. Kg1 b3 39. Kh1 Rb1+ 40. Kg2 b2 41. h4 Kf8 42. h5 Ke8 43. Kh2 Kd8 44. Kg2 Kc8 45. Rb3 Kc7 46. Kh2 Kc6 47. Kg2 Kc5 48. Kh2 Kc4 49. Rb7 Kd3 50. Rd7+ Ke3 51. Rb7 Kf3 52. Rb4 h6 53. Rb7 Rf1 54. Rxb2 Rf2+ 55. Rxf2+ Kxf2 56. Kh3 Kf3 57. Kh4 Kg2 58. g5 fxg5+ 59. Kg4 Kf2 60. Kf5 Kf3 0-1

[Event "Turkish Cup 2024"]
[Site "Denizli"]
[Date "2024.08.03"]
[Round "7"]
[White "Akkara, Omer"]
[Black "Kurdas, Halil Ibrahim"]
[Result "1-0"]
[ECO "B40"]
[WhiteElo "1998"]
[BlackElo "1855"]
[Annotator "ChessBase"]
[PlyCount "57"]
[EventDate "2024.08.01"]
[EventType "swiss"]
[EventCountry "TUR"]
[SourceTitle "playchess.com"]
[Source "ChessBase"]
[SourceQuality "1"]
[TimeControl "5400+30"]

1. e4 c5 2. Nf3 e6 3. b3 Nc6 4. Bb2 Qc7 5. c4 d6 6. Nc3 Nf6 7. d4 cxd4 8. Nxd4 Be7 9. Be2 O-O 10. O-O Rd8 11. Kh1 a6 12. f4 e5 13. Nc2 exf4 14. Nd5 Nxd5 15. exd5 Ne5 16. Rxf4 Bg5 17. Rf1 Qe7 18. Nd4 Bd7 19. Qc2 Re8 20. Rae1 Ng4 21. Qc3 Ne3 22. Bh5 Bf6 23. Rf3 Qe5 24. Bxf7+ Kxf7 25. Rexe3 Qg5 26. Qe1 Kg8 27. Ne6 Qh6 28. Bxf6 gxf6 29. Rh3 1-0

[Event "Turkish Cup 2024"]
[Site "Denizli"]
[Date "2024.08.03"]
[Round "7"]
[White "Akbas, Kaan"]
[Black "Turk, Talha Gunes"]
[Result "1-0"]
[ECO "D11"]
[WhiteElo "1990"]
[BlackElo "1776"]
[Annotator "ChessBase"]
[PlyCount "185"]
[EventDate "2024.08.01"]
[EventType "swiss"]
[EventCountry "TUR"]
[SourceTitle "playchess.com"]
[Source "ChessBase"]
[SourceQuality "1"]
[TimeControl "5400+30"]

1. d4 Nf6 2. Nf3 d5 3. c4 c6 4. e3 Bg4 5. Qb3 Qb6 6. Nc3 e6 7. Ne5 Bh5 8. c5 Qc7 9. Bd3 Nbd7 10. f4 b6 11. cxb6 axb6 12. e4 Bg6 13. f5 exf5 14. Nxd7 Qxd7 15. exd5 Nxd5 16. O-O Nf6 17. Qxb6 Be7 18. Bf4 O-O 19. h3 c5 20. Bb5 Qxd4+ 21. Kh1 Ne4 22. Nxe4 fxe4 23. Bc6 Rad8 24. Rae1 Bh4 25. Be3 Qd3 26. Bb5 c4 27. Rc1 Rb8 28. Bxc4 Rxb6 29. Bxd3 Rxb2 30. Bc4 Bf6 31. a4 Ra8 32. Bd5 Rd8 33. Bc4 Rb7 34. a5 Rbd7 35. Bb6 Bg5 36. Bxd8 Rxd8 37. Ra1 e3 38. a6 Bf6 39. Rad1 Rc8 40. Bd5 e2 41. a7 Bd3 42. Rfe1 exd1=Q 43. Rxd1 Bf5 44. Bb7 Re8 45. Bc6 Rc8 46. Bb7 Re8 47. Rc1 Bd4 48. a8=Q Rxa8 49. Bxa8 h5 50. Bd5 g5 51. Rc7 Bg6 52. g3 Kg7 53. Kg2 Kf6 54. Kf3 Bb2 55. Ra7 Bd4 56. Rb7 Bc3 57. Be4 g4+ 58. hxg4 hxg4+ 59. Ke3 Bd2+ 60. Kd4 Be1 61. Rb6+ Kg7 62. Rb3 Bf2+ 63. Ke5 Be1 64. Bxg6 Kxg6 65. Kf4 Bd2+ 66. Kxg4 f6 67. Kf3 Bc1 68. Ke4 Bd2 69. Rf3 Kg5 70. Rd3 Bc1 71. Kf3 Kg6 72. Rd5 Bh6 73. Ke4 Bc1 74. Rd8 Bg5 75. Rg8+ Kf7 76. Ra8 Kg6 77. Rc8 Bd2 78. Rg8+ Kf7 79. Rg4 Ke6 80. Rg6 Bc1 81. Rg7 Bd2 82. g4 Bg5 83. Ra7 Bh4 84. Ra6+ Kf7 85. Kf5 Bg5 86. Ra7+ Kf8 87. Kg6 Bh4 88. Rf7+ Kg8 89. Rxf6 Bxf6 90. Kxf6 Kf8 91. g5 Kg8 92. Kg6 Kh8 93. Kf7 1-0

[Event "Turkish Cup 2024"]
[Site "Denizli"]
[Date "2024.08.03"]
[Round "7"]
[White "Ekinci, Berkay"]
[Black "Maras, Huseyin Kayra"]
[Result "1/2-1/2"]
[ECO "A06"]
[WhiteElo "1976"]
[BlackElo "1860"]
[Annotator "ChessBase"]
[PlyCount "88"]
[EventDate "2024.08.01"]
[EventType "swiss"]
[EventCountry "TUR"]
[SourceTitle "playchess.com"]
[Source "ChessBase"]
[SourceQuality "1"]
[TimeControl "5400+30"]

1. Nf3 d5 2. e3 Nf6 3. b3 Bf5 4. Bb2 h6 5. c4 e6 6. Nc3 c6 7. d4 Nbd7 8. Bd3 Bxd3 9. Qxd3 Bb4 10. O-O O-O 11. Nd2 c5 12. a3 dxc4 13. Nxc4 Bxc3 14. Bxc3 Nd5 15. Bb2 cxd4 16. Qxd4 Qg5 17. f4 Qf6 18. Qd2 Qg6 19. Rf3 f6 20. Nd6 N5b6 21. f5 exf5 22. Nxf5 Kh8 23. Raf1 Rf7 24. Rg3 Qh7 25. a4 Ne5 26. a5 Rd7 27. Qe2 Nd5 28. Bxe5 fxe5 29. Qb2 Re8 30. Qa3 Nf4 31. exf4 Qxf5 32. fxe5 Qxe5 33. Rgf3 Rd2 34. Qc1 Qd6 35. Kh1 Rd8 36. Qc4 Rd1 37. h3 Rxf1+ 38. Rxf1 Rf8 39. Rxf8+ Qxf8 40. b4 Qe7 41. Qd4 a6 42. Kg1 Qe1+ 43. Kh2 Qe7 44. Kg3 Qe1+ 1/2-1/2

[Event "Turkish Cup 2024"]
[Site "Denizli"]
[Date "2024.08.03"]
[Round "7"]
[White "Yildiz, Talat"]
[Black "Metin, Enis"]
[Result "1-0"]
[ECO "B72"]
[WhiteElo "1956"]
[BlackElo "2142"]
[Annotator "ChessBase"]
[PlyCount "55"]
[EventDate "2024.08.01"]
[EventType "swiss"]
[EventCountry "TUR"]
[SourceTitle "playchess.com"]
[Source "ChessBase"]
[SourceQuality "1"]
[TimeControl "5400+30"]

1. e4 c5 2. Nf3 d6 3. d4 cxd4 4. Nxd4 Nf6 5. Nc3 g6 6. Be3 Nc6 7. f3 h5 8. Qd2 Nxd4 9. Bxd4 Bh6 10. Qf2 O-O 11. Bc4 Be6 12. Bb3 Qa5 13. O-O Bf4 14. Bxf6 exf6 15. Nd5 Bxd5 16. Bxd5 Rab8 17. c3 f5 18. Rad1 Rbe8 19. Kh1 Kg7 20. exf5 Re5 21. Qd4 Be3 22. Qd3 Rxf5 23. Be4 Re5 24. Qxe3 f5 25. Qd4 fxe4 26. f4 Qb5 27. a4 Qe2 28. Rfe1 1-0

[Event "Turkish Cup 2024"]
[Site "Denizli"]
[Date "2024.08.03"]
[Round "7"]
[White "Celik, Ege Yigit"]
[Black "Baylav, Can"]
[Result "1-0"]
[ECO "A11"]
[WhiteElo "1949"]
[BlackElo "2086"]
[Annotator "ChessBase"]
[PlyCount "103"]
[EventDate "2024.08.01"]
[EventType "swiss"]
[EventCountry "TUR"]
[SourceTitle "playchess.com"]
[Source "ChessBase"]
[SourceQuality "1"]
[TimeControl "5400+30"]

1. c4 c6 2. Nf3 d5 3. g3 Nf6 4. Bg2 Bf5 5. cxd5 cxd5 6. Qb3 Nc6 7. Qxb7 Bd7 8. Qb3 e5 9. d3 Rb8 10. Qd1 Bb4+ 11. Bd2 e4 12. dxe4 dxe4 13. Ng5 e3 14. fxe3 Ng4 15. Qc2 Nce5 16. Nf3 Nxf3+ 17. Bxf3 Nxe3 18. Qe4+ Qe7 19. Nc3 Qxe4 20. Bxe4 Nc4 21. O-O-O Bd6 22. Bf4 Bxf4+ 23. gxf4 Ke7 24. b3 Nd6 25. Bd3 Rhc8 26. Kb2 f5 27. e4 Rxc3 28. Kxc3 fxe4 29. Rhe1 Bc6 30. Bc4 Rc8 31. Kb2 Rf8 32. Rf1 Rf5 33. Kc3 Rh5 34. Rd2 Rh3+ 35. Kb4 e3 36. Re2 Nf5 37. Rfe1 Bf3 38. Rxe3+ Nxe3 39. Rxe3+ Kf6 40. Be2 Bg2 41. Rxh3 Bxh3 42. Bd3 Bf5 43. Kc3 h6 44. b4 Bc8 45. Kd4 g5 46. fxg5+ hxg5 47. a4 g4 48. b5 Kg5 49. a5 Kh4 50. Bf1 Bd7 51. Kc5 Bf5 52. Kc6 1-0

[Event "Turkish Cup 2024"]
[Site "Denizli"]
[Date "2024.08.03"]
[Round "7"]
[White "Kaynak, Deniz Can"]
[Black "Tirpan, Ceren"]
[Result "0-1"]
[ECO "A36"]
[WhiteElo "1931"]
[BlackElo "1926"]
[Annotator "ChessBase"]
[PlyCount "112"]
[EventDate "2024.08.01"]
[EventType "swiss"]
[EventCountry "TUR"]
[SourceTitle "playchess.com"]
[Source "ChessBase"]
[SourceQuality "1"]
[TimeControl "5400+30"]

1. c4 c5 2. g3 g6 3. Bg2 Bg7 4. Nc3 Nc6 5. a3 d6 6. e3 e6 7. Nge2 Nge7 8. O-O O-O 9. d4 Nf5 10. d5 Na5 11. b3 a6 12. Rb1 Rb8 13. Qd3 b5 14. cxb5 axb5 15. b4 c4 16. Qc2 Nb3 17. Bb2 Qb6 18. Rfd1 e5 19. Nc1 Nxc1 20. Bxc1 Bd7 21. Bd2 Ra8 22. Ra1 Rfb8 23. Rdb1 Ra7 24. Ra2 Rba8 25. Rba1 Qc7 26. h3 h6 27. Nd1 Qc8 28. Bc3 Kh7 29. Nb2 Qc7 30. Qd1 Ne7 31. a4 bxa4 32. Nxa4 Nc8 33. Qc2 Be8 34. e4 Qd7 35. Bf1 Rxa4 36. Rxa4 Rxa4 37. Rxa4 Qxa4 38. Qxa4 Bxa4 39. Bxc4 Na7 40. f3 Bf6 41. Bb2 Kg7 42. Kf2 Bd8 43. Ke3 Bb6+ 44. Kd3 f6 45. Bc1 Nb5 46. f4 Nd4 47. fxe5 fxe5 48. Kc3 Bd1 49. Ba3 Kf6 50. b5 Ke7 51. g4 Bf3 52. Bc1 g5 53. Bd3 Ne2+ 54. Bxe2 Bxe2 55. h4 gxh4 56. Bxh6 h3 0-1

[Event "Turkish Cup 2024"]
[Site "Denizli"]
[Date "2024.08.03"]
[Round "7"]
[White "Kocakaplan, Emre"]
[Black "Eroglu, Berke"]
[Result "0-1"]
[ECO "A41"]
[WhiteElo "1926"]
[BlackElo "1873"]
[Annotator "ChessBase"]
[PlyCount "180"]
[EventDate "2024.08.01"]
[EventType "swiss"]
[EventCountry "TUR"]
[SourceTitle "playchess.com"]
[Source "ChessBase"]
[SourceQuality "1"]
[TimeControl "5400+30"]

1. d4 d6 2. Nf3 g6 3. c4 Bg7 4. g3 Nd7 5. Bg2 e5 6. O-O Ne7 7. Nc3 O-O 8. dxe5 dxe5 9. Qc2 Nf5 10. Rd1 c6 11. Ne4 Qc7 12. b3 Nf6 13. Ba3 Re8 14. Nd6 Nxd6 15. Bxd6 Qa5 16. b4 Qb6 17. c5 Qxb4 18. Rab1 Qa5 19. Nxe5 Nd5 20. Nc4 Qc3 21. Qa4 Rxe2 22. Bf1 Re4 23. Rdc1 Qf6 24. Qa5 Re8 25. Re1 Rxe1 26. Qxe1 Qd8 27. Bg2 Nf6 28. Na5 Bf8 29. Nxc6 bxc6 30. Bxc6 Bxd6 31. Bxa8 Bxc5 32. Bf3 Be6 33. Qe5 Qd4 34. Qe2 Bb6 35. Rd1 Qc5 36. Kg2 Kg7 37. h4 Qf5 38. Rh1 Bd5 39. Rd1 Bxf3+ 40. Qxf3 Qxf3+ 41. Kxf3 h5 42. Ke2 Ne4 43. Ra1 Nxf2 44. a4 Ng4 45. a5 Bf2 46. Kf3 Kf6 47. Rb1 Bc5 48. Rb5 Bg1 49. Kg2 Bd4 50. Kf3 Ke6 51. Ke4 Bf2 52. Kf3 Bg1 53. Rb1 Bc5 54. Rb7 Ne5+ 55. Ke4 Nc4 56. Rc7 Nd6+ 57. Kd3 Bg1 58. Rc1 Bf2 59. Rc7 Kd5 60. Ke2 Bd4 61. Kd3 Bf2 62. Re7 Bxg3 63. Rxa7 Bxh4 64. a6 Bf2 65. Rd7 h4 66. a7 Bxa7 67. Rxa7 Ke6 68. Ke3 g5 69. Kf3 f5 70. Rg7 Kf6 71. Rg8 Nc4 72. Rf8+ Kg6 73. Rg8+ Kh6 74. Re8 Nd2+ 75. Ke3 Ne4 76. Rf8 Kg6 77. Kf3 Nf6 78. Ra8 h3 79. Ra6 g4+ 80. Kg3 Kg5 81. Ra7 Nh5+ 82. Kh2 f4 83. Rh7 Kh4 84. Rh8 g3+ 85. Kg1 f3 86. Rf8 f2+ 87. Rxf2 gxf2+ 88. Kxf2 Nf4 89. Kg1 Kg3 90. Kh1 Nd3 0-1

[Event "Turkish Cup 2024"]
[Site "Denizli"]
[Date "2024.08.03"]
[Round "7"]
[White "Herdem, Talha"]
[Black "Demirci, Fatih"]
[Result "1-0"]
[ECO "B14"]
[WhiteElo "1911"]
[BlackElo "1885"]
[Annotator "ChessBase"]
[PlyCount "93"]
[EventDate "2024.08.01"]
[EventType "swiss"]
[EventCountry "TUR"]
[SourceTitle "playchess.com"]
[Source "ChessBase"]
[SourceQuality "1"]
[TimeControl "5400+30"]

1. e4 c6 2. d4 d5 3. exd5 cxd5 4. c4 Nf6 5. Nc3 g6 6. cxd5 Bg7 7. Bc4 O-O 8. Nge2 Nbd7 9. Nf4 a6 10. a4 Nb6 11. Ba2 Bf5 12. O-O Rc8 13. h3 Nc4 14. Re1 Re8 15. g4 Bd7 16. g5 Nh5 17. Nxh5 gxh5 18. Bb1 Nd6 19. Qxh5 Bf5 20. Bf4 Qd7 21. Be5 f6 22. Bxd6 Bxb1 23. Raxb1 Qxd6 24. Re6 Qf4 25. d6 Rf8 26. Nd5 Qxg5+ 27. Qxg5 fxg5 28. dxe7 Rfe8 29. Re4 Kf7 30. Rd1 Rc6 31. f4 Rd6 32. Ne3 Re6 33. Rxe6 Kxe6 34. d5+ Kxe7 35. Nf5+ Kf6 36. Nxg7 Kxg7 37. fxg5 Kg6 38. h4 Rd8 39. d6 Rd7 40. Kf2 Kf5 41. Kf3 b6 42. Rd5+ Ke6 43. Ke4 Rd8 44. d7 b5 45. axb5 axb5 46. b4 Ke7 47. Ke5 1-0